 Dungeon Crawl Stone Soup version 0.26.0-10-g1f06aea511 (webtiles) character file.

Game seed: 12693480055900017929

1131 Borgoz the Slasher (level 8, -1/67 HPs)
             Began as a Ghoul Gladiator on Jan 17, 2021.
             Was an Initiate of Ashenzari.
             Slain by a lemure (6 damage)
             ... led by Pikel
             ... on level 5 of the Dungeon.
             The game lasted 00:07:04 (4725 turns).

Borgoz the Slasher (Ghoul Gladiator)                Turns: 4725, Time: 00:07:04

Health: -1/67      AC:  4    Str: 18    XL:     8   Next: 36%
Magic:  7/7        EV: 14    Int:  3    God:    Ashenzari [......]
Gold:   173        SH:  0    Dex: 12    Spells: 7/7 levels left

rFire    . . .     SeeInvis .   a - +0 long sword
rCold    + . .     Faith    .   (no shield)
rNeg     + + +     Spirit   .   b - +0 leather armour
rPois    ∞         Reflect  .   j - +1 hat
rElec    .         Harm     .   (no cloak)
rCorr    +         Rampage  .   (no gloves)
Will     .....                  (no boots)
Stlth    +.........             (no amulet)
HPRegen  0.00/turn              h - ring of resist corrosion
MPRegen  0.10/turn              i - +4 ring of slaying

@: no status effects
A: claws 1, cold resistance 1, negative energy resistance 3, inhibited
regeneration, torment resistance, unbreathing
a: Renounce Religion, Curse Item


You were on level 5 of the Dungeon.
You worshipped Ashenzari.
Ashenzari was noncommittal.
You visited 1 branch of the dungeon, and saw 5 of its levels.

You collected 173 gold pieces.

Inventory:

Hand Weapons
 a - a +0 long sword (weapon)
Armour
 b - a +0 leather armour (worn)
 j - a +1 hat (worn)
Jewellery
 h - a ring of resist corrosion (left claw)
 i - a +4 ring of slaying (right claw)
 o - a +6 ring of intelligence
Scrolls
 e - 4 scrolls of fear
 f - 2 scrolls of teleportation
 k - 2 scrolls of remove curse
 l - 2 scrolls of amnesia {unknown}
 n - 2 scrolls of enchant weapon {unknown}
Potions
 c - 2 potions of brilliance {unknown}
 g - a potion of flight {unknown}
 m - a potion of curing


   Skills:
 + Level 4.4 Fighting
 * Level 5.4 Long Blades
 - Level 1.7 Throwing
 * Level 4.4 Armour
 * Level 5.4 Dodging


You had 7 spell levels left.
You didn't know any spells.
Your spell library contained the following spells:

 Spells                   Type           Power        Failure   Level
 Animate Skeleton         Necr           0%           58%         1
 Apportation              Tloc           0%           58%         1
 Corona                   Hex            0%           58%         1
 Summon Small Mammal      Summ           0%           58%         1


Dungeon Overview and Level Annotations

Branches:
Dungeon (5/15)
 Temple: D:4-7

Altars:
Ashenzari
Trog
Zin

Shops:
D:4 [

Annotations:
D:2 Sigmund
D:5 Pikel


Innate Abilities, Weirdness & Mutations

You thrive by killing the living.
You are immune to poison.
You have sharp fingernails.
Your flesh is cold resistant. (rC+)
You are immune to negative energy. (rN+++)
You do not regenerate when monsters are visible.
You are immune to unholy pain and torment.
You can survive without breathing.


Message History

You barely miss the lemure.
Pikel struggles against the net.
The lemure hits you. The lemure hits you but does no damage.
The lemure misses you. The lemure hits you. The lemure barely misses you.
You slash the lemure!
The lemure is heavily wounded.
Pikel struggles against the net.
The lemure hits you.
* * * LOW HITPOINT WARNING * * *
The lemure closely misses you. The lemure completely misses you.
The lemure misses you.
Pikel struggles against the net.
The net rips apart, and Pikel comes free!
The lemure hits you.
* * * LOW HITPOINT WARNING * * *
The lemure hits you.
* * * LOW HITPOINT WARNING * * *
As you read the scroll of fear, it crumbles to dust.
You assume a fearsome visage.
The quokka looks frightened!
Pikel looks frightened!
The lemure is unaffected. x4; The lemure hits you!
* * * LOW HITPOINT WARNING * * *
The lemure hits you.
You die...

#.....# #.....# ..#
#.....# #####..#
#.....##. ...#...#
#........ . ...#...#
#.....##. ..
#..##..###+##.....###.##
#..##...................
...'...........5@...#
...#...##..###[5K5#.#
...#...##..###...5#.#
#..##.........r.....#
#..##.......)......(...
.....^....?.......#.##..
#.................#... .
#......##'####....#..#.
..[....##).###......##


You could see Pikel (fleeing), 4 lemures and a quokka (fleeing).

Vanquished Creatures
  Menkaure (D:4)
  A phantom (D:4)
  An ice beast (D:4)
  A centaur (D:5)
  An ogre (D:5)
  2 orc priests
  A jelly (D:5)
  3 iguanas
  A bullfrog skeleton (D:4)
  6 orc wizards (D:4)
  3 worker ants
  A worker ant zombie (D:5)
  A howler monkey zombie (D:4)
  4 gnolls (D:3)
  6 adders
  A howler monkey skeleton (D:4)
  A white imp (D:5)
  An ufetubus (D:5)
  A worm (D:3)
  3 dart slugs (D:1)
  2 leopard geckos
  26 orcs
  6 bats
  4 giant cockroaches
  7 goblins
  5 hobgoblins
  4 jackals
  3 quokkas
  A ball python (D:3)
  5 frilled lizards
  3 kobolds
  2 leopard gecko skeletons
  A quokka skeleton (D:4)
  4 rats
113 creatures vanquished.

Notes
Turn   | Place    | Note
-------+----------+-------------------------------------------
     0 | D:1      | Borgoz the Ghoul Gladiator began the quest for the Orb.
     0 | D:1      | Reached XP level 1. HP: 17/17 MP: 0/0
   404 | D:1      | Reached XP level 2. HP: 24/24 MP: 1/1
   714 | D:1      | Reached skill level 1 in Armour
  1046 | D:2      | Reached XP level 3. HP: 30/30 MP: 2/2
  1242 | D:2      | Noticed Sigmund
  1492 | D:3      | Reached XP level 4. HP: 29/37 MP: 3/3
  2059 | D:3      | Reached XP level 5. HP: 44/44 MP: 4/4
  2442 | D:4      | Noticed a phantom
  2476 | D:4      | Killed a phantom
  2477 | D:4      | Reached XP level 6. HP: 19/51 MP: 5/5
  2967 | D:4      | Reached XP level 7. HP: 9/57 MP: 6/6
  3490 | D:4      | Noticed Menkaure
  3496 | D:4      | Killed Menkaure
  3599 | D:4      | Found a bloodstained altar of Trog.
  3599 | D:4      | Found a broken altar of Ashenzari.
  3604 | D:4      | Found a faded altar of an unknown god.
  3607 | D:4      | Became a worshipper of Ashenzari the Shackled
  3610 | D:4      | Found a faded altar of an unknown god.
  3612 | D:4      | Found a glowing silver altar of Zin.
  3755 | D:4      | Found Tocezu's Antique Armour Emporium.
  3885 | D:5      | Entered Level 5 of the Dungeon
  3902 | D:4      | Reached skill level 5 in Long Blades
  3902 | D:4      | Reached skill level 5 in Dodging
  3902 | D:4      | Reached XP level 8. HP: 31/66 MP: 7/7
  4712 | D:5      | Noticed Pikel
  4725 | D:5      | Slain by a lemure

Illustrated notes

Levels and vault maps discovered:
D:1:      psy_arrival_fountain, layout_basic
D:2:      layout_loops_ring, minmay_fountain_box, uniq_sigmund
D:3:      layout_rooms, kennysheep_generic_room_3
D:4:      layout_rooms, chequers_temple_overflow_minitemple, serial_shops,
          nicolae_shop_statue_plus, uniq_menkaure
D:5:      layout_gridville, temple_doors_ab, minmay_ruined_shrine, uniq_pikel

Skill      XL: |  1  2  3  4  5  6  7 |
---------------+----------------------+-----
Armour         | 1 2 3 4 |  4.4
Dodging        | 3 4 5 |  5.4
Long Blades    | 3 4 5 |  5.4
Fighting       | 3 4 |  4.4
Throwing       | |  1.7

Action                   |  1- 3 |  4- 6 |  7- 9 || total
-------------------------+-------+-------+-------++-------
Melee: Long sword        |    69 |   126 |   120 ||   315
Throw: Throwing net      |       |       |     4 ||     4
  Use: Scroll            |     5 |     4 |     1 ||    10
       Potion            |     1 |     1 |     3 ||     5
 Stab: Held in net/web   |       |       |     1 ||     1
Armor: Leather armour    |    21 |    29 |    34 ||    84
Dodge: Dodged            |    49 |    98 |   117 ||   264
       Rpst.: Long sword |    21 |    30 |    38 ||    89
